 Dungeon Crawl Stone Soup version 0.23.2 (webtiles) character file.

Game seed: 14130791440408085320

406 BRANGAR the Slasher (level 6, -15/55 HPs)
             Began as a Draconian Berserker on Sept 6, 2019.
             Was a Believer of Trog.
             Demolished by Menkaure (21 damage)
             ... on level 5 of the Dungeon.
             The game lasted 00:10:58 (3486 turns).

BRANGAR the Slasher (Draconian Berserker)           Turns: 3486, Time: 00:10:59

Health: -15/55     AC:  6    Str: 22    XL:     6   Next: 56%
Magic:  6/6        EV: 13    Int:  7    God:    Trog [**....]
Gold:   255        SH:  0    Dex: 10    Spells: 5/5 levels left

rFire    . . .     SeeInvis .   a - +0 falchion
rCold    . . .     Gourm    .   (no shield)
rNeg     + . .     Faith    .   (armour unavailable)
rPois    .         Spirit   .   (helmet restricted)
rElec    .         Reflect  .   (no cloak)
rCorr    .         Harm     .   (no gloves)
MR       +++..                  (no boots)
Stlth    ++........             (no amulet)
HPRegen  1.18/turn              h - ring of protection from magic
MPRegen  0.10/turn              r - ring of positive energy

@: berserk cooldown, regenerating, slowed, very slow
A: unfitting armour, cold-blooded, AC +6
a: Berserk, Trog's Hand, Renounce Religion


You were on level 5 of the Dungeon.
You worshipped Trog.
Trog was pleased with you.
You were very hungry.

You visited 1 branch of the dungeon, and saw 5 of its levels.

You collected 255 gold pieces.

Inventory:

Hand Weapons
 a - a +0 falchion (weapon)
 j - a +0 blowgun
Missiles
 p - a throwing net (quivered)
Jewellery
 h - a ring of protection from magic (left hand)
 n - an uncursed ring of positive energy
 r - a ring of positive energy (right hand)
Scrolls
 c - a scroll of random uselessness {unknown}
 e - 3 scrolls of teleportation {unknown}
 k - a scroll of amnesia
 l - 2 scrolls of magic mapping {unknown}
 s - a scroll of enchant weapon {unknown}
Potions
 d - a potion of magic {unknown}
 f - 5 potions of degeneration {unknown}
 g - a potion of flight {unknown}
 i - a potion of cancellation
 m - a potion of might {unknown}
 o - a potion of resistance {unknown}
Comestibles
 b - 9 rations


   Skills:
 + Level 4.8 Fighting
 + Level 5.4 Long Blades
 + Level 4.1 Dodging
 + Level 1.5 Stealth


You had 5 spell levels left.
You didn't know any spells.
Your spell library was empty.

Dungeon Overview and Level Annotations

Branches:
Dungeon (5/15)
 Temple: D:4-7

Altars:
Fedhas

Annotations:
D:5 Menkaure


Innate Abilities, Weirdness & Mutations

Your plain brown scales are hard. (AC +6)
You cannot fit into any form of body armour.
You are cold-blooded and may be slowed by cold attacks.


Message History

You feel resistant to hostile enchantments.
You feel somewhat more hungry.
Trog will no longer gift you ammunition.
You are feeling very hungry.
Menkaure barely misses you.
You closely miss Menkaure.
Your tail-slap misses Menkaure.
Menkaure is heavily damaged.
Menkaure misses you.
You hit Menkaure.
Menkaure is severely damaged.
Menkaure hits you!!
* * * LOW HITPOINT WARNING * * *
You barely miss Menkaure.
Menkaure is severely damaged.
Menkaure calls on the powers of darkness!
You feel a surge of unholy energy.
You hit Menkaure.
Your tail-slap misses Menkaure.
Menkaure is almost destroyed.
Menkaure hits you!!
You die...

####### #.....#
######+#.....+
.............#
.............#
.........M...#
........@....# .
.............#####.
........##+##.....#######
........'...#.....#......
........#...#.....#......
#########...#.....#......
#....#.....'......
####'#.....#.###'#
#........#####....


You could see Menkaure.

Vanquished Creatures
  An ogre (D:4)
  A howler monkey (D:4)
  An iguana (D:4)
  A worker ant (D:4)
  2 hound skeletons
  6 adders
  6 gnolls
  5 oozes
  A worm (D:2)
  3 dart slugs
  2 ball pythons
  4 bats
  8 giant cockroaches
  6 goblins
  6 hobgoblins
  4 jackals (D:2)
  7 kobolds
  A quokka (D:3)
  3 frilled lizards
  A leopard gecko skeleton (D:4)
  7 rats
76 creatures vanquished.

Notes
Turn   | Place    | Note
-------+----------+-------------------------------------------
     0 | D:1      | BRANGAR the Draconian Berserker began the quest for the
                  | Orb.
     0 | D:1      | Reached XP level 1. HP: 19/19 MP: 1/1
    26 | D:1      | Reached XP level 2. HP: 25/26 MP: 2/2
   248 | D:1      | Reached XP level 3. HP: 19/33 MP: 3/3
   478 | D:1      | Reached ** piety under Trog
   851 | D:2      | Reached XP level 4. HP: 39/40 MP: 4/4
   906 | D:2      | Found a blossoming altar of Fedhas.
  1019 | D:2      | Reached skill level 4 in Long Blades
  1678 | D:3      | Reached XP level 5. HP: 47/47 MP: 5/5
  2194 | D:3      | Reached *** piety under Trog
  2287 | D:3      | Found a faded altar of an unknown god.
  2396 | D:4      | Noticed an ogre
  2410 | D:4      | Killed an ogre
  2410 | D:4      | Reached skill level 1 in Stealth
  2410 | D:4      | Reached XP level 6. HP: 22/53 MP: 6/6
  2750 | D:4      | Reached skill level 5 in Long Blades
  3335 | D:5      | Entered Level 5 of the Dungeon
  3471 | D:5      | Noticed Menkaure
  3484 | D:5      | HP: 2/55 [Menkaure (20)]
  3486 | D:5      | Demolished by Menkaure

Skill      XL: |  1  2  3  4  5  6 |
---------------+-------------------+-----
Dodging        | 3 4 |  4.1
Fighting       | 4 |  4.8
Long Blades    | 4 5 |  5.4
Stealth        | 1 |  1.5

Action                   |  1- 3 |  4- 6 || total
-------------------------+-------+-------++-------
Melee: Falchion          |    74 |   170 ||   244
       Tailslap          |    14 |    27 ||    41
Invok: Trog's Hand       |       |     1 ||     1
  Use: Scroll            |       |     4 ||     4
       Potion            |       |     2 ||     2
 Stab: Sleeping          |       |     1 ||     1
  Eat: Ration            |       |     2 ||     2
       Chunk             |       |     1 ||     1
Armor: Skin              |    31 |    40 ||    71
Dodge: Dodged            |    58 |   109 ||   167
       Rpst.: Falchion   |    22 |    44 ||    66
